 Dungeon Crawl Stone Soup version 0.26-a0-1205-g4083c211ab (webtiles) character file.

Game seed: 11936347715725171987

8 Azzok the Skirmisher (level 2, 24/24 HPs)
             Began as a Demonspawn Berserker on Dec 29, 2020.
             Was a Follower of Trog.
             Quit the game on level 1 of the Dungeon.
             The game lasted 00:00:14 (397 turns).

Azzok the Skirmisher (Demonspawn Berserker)          Turns: 397, Time: 00:00:15

Health: 24/24      AC:  3    Str: 17    XL:     2   Next: 0%
Magic:  2/2        EV: 12    Int:  8    God:    Trog [*.....]
Gold:   47         SH:  0    Dex: 12    Spells: 1/1 levels left

rFire    . . .     SeeInvis .   a - +0 hand axe
rCold    . . .     Faith    .   (no shield)
rNeg     . . .     Spirit   .   b - +0 animal skin
rPois    .         Reflect  .   (no helmet)
rElec    .         Harm     .   (no cloak)
rCorr    .         Rampage  .   (no gloves)
Will     .....                  (no boots)
Stlth    +.........             (no amulet)
HPRegen  0.08/turn              (no ring)
MPRegen  0.08/turn              (no ring)

@: no status effects
A: sharp scales 1
a: Renounce Religion, Berserk


You were on level 1 of the Dungeon.
You worshipped Trog.
Trog was aware of your devotion.
You visited 1 branch of the dungeon, and saw 1 of its levels.

You collected 47 gold pieces.

Inventory:

Hand Weapons
 a - a +0 hand axe (weapon)
Armour
 b - a +0 animal skin (worn)
Potions
 c - a potion of flight {unknown}


   Skills:
 + Level 3.1 Fighting
 + Level 2.8 Axes
 + Level 2.0 Armour
 + Level 2.0 Dodging


You had one spell level left.
You didn't know any spells.
Your spell library was empty.

Dungeon Overview and Level Annotations

Branches:
Dungeon (1/15)

Altars:


Innate Abilities, Weirdness & Mutations

You are partially covered in razor-sharp scales. (AC +1, Slay +1)


Message History

You closely miss the goblin. The goblin barely misses you.
You barely miss the goblin. The goblin hits you.
You slash the goblin!
You kill the goblin!
Trog accepts your kill.
Your Armour skill increases to level 2!
You slash the goblin!
You kill the goblin!
Trog accepts your kill.
Your Dodging skill increases to level 2!
You barely miss the frilled lizard. The frilled lizard misses you.
You hit the frilled lizard.
You kill the frilled lizard!
Trog accepts your kill.
You have reached level 2!
Your demonic ancestry asserts itself...
Sharp scales grow over part of your body.
Things that are here:
a frilled lizard corpse; a frilled lizard corpse Are you sure you want to abandon this character and quit the game? (Confirm with "yes".)

▒ ▒·▒ ▒·▒ ▒ ▒·▒ ▒·▒
▒▒▒▒▒·▒ ▒·▒ ▒·····▒ ▒·▒▒▒▒
▒·▒▒▒▒▒ ▒·▒▒·· ▒·▒▒ ▒·▒▒·▒
···▒▒ ▒·▒▒·▒
····▒▒▒▒▒·▒▒·▒▒▒▒▒▒▒▒···
····)·((((······@·····▒
····▒▒▒▒▒▒·▒·▒▒▒▒▒▒▒▒·▒
···▒▒ ▒·▒·▒ ·▒ ▒·▒▒
▒·▒·▒▒▒▒ ·▒ ▒·▒ ▒·▒····▒
·▒ ▒·▒ ▒·▒▒▒▒·▒▒▒ ·▒ ▒·▒
▒·▒ ▒·▒·▒▒ ·▒
▒(▒▒▒▒▒▒▒▒·▒▒▒▒··▒·▒▒·▒
▒▒▒
▒····)··)····)··▒▒▒·▒·▒▒··


There were no monsters in sight!

Vanquished Creatures
  2 goblins (D:1)
  2 hobgoblins (D:1)
  A bat (D:1)
  2 frilled lizards (D:1)
  2 kobolds (D:1)
9 creatures vanquished.

Notes
Turn   | Place    | Note
-------+----------+-------------------------------------------
     0 | D:1      | Azzok the Demonspawn Berserker began the quest for the Orb.
     0 | D:1      | Reached XP level 1. HP: 18/18 MP: 1/1
   332 | D:1      | Gained mutation: You are partially covered in razor-sharp
                  | scales. (AC +1, Slay +1) [demonic ancestry]
   332 | D:1      | Reached XP level 2. HP: 18/24 MP: 2/2
   397 | D:1      | Quit the game

Illustrated notes

Levels and vault maps discovered:
D:1:      dpeg_arrival_fog, layout_loops_ring, chequers_serial_rivers_micro_b

Skill      XL: |  1 |
---------------+----+-----
Armour         | 2 |  2.0
Dodging        | 2 |  2.0
Fighting       | |  3.1
Axes           | |  2.8

Action                   || total
-------------------------++-------
Melee: Hand axe          ||    29
Armor: Animal skin       ||     1
Dodge: Dodged            ||    23

Table legend: (Time is in decaauts)
 A = Elapsed time spent in this place.
 B = Non-inter-level travel time spent in this place.
 C = Inter-level travel time spent in this place.
 D = Time resting spent in this place.
 E = Time spent auto-exploring this place.
 F = Levels seen in this place.
 G = Mean time per level.
                   A        B        C        D        E       F      G
               +--------+--------+--------+--------+--------+-----+--------+
         Total |    401 |    401 |      0 |      0 |    340 |   1 |  401.0 |
       Dungeon |    401 |    401 |      0 |      0 |    340 |   1 |  401.0 |
               +--------+--------+--------+--------+--------+-----+--------+

Top non-repeatable levels by time:
     D:1: 401 daAuts
